 Dungeon Crawl Stone Soup version 0.27-a0-1065-ge809cff456 (webtiles) character file.

Game seed: 2896575595935210064

165985 sizableburger the Slicer (level 17, -2/137 HPs)
             Began as a Mummy Hunter on Apr 22, 2021.
             Was the Champion of Fedhas.
             Killed from afar by a swamp worm (10 damage)
             ... with a harpoon shot
             ... called by a spriggan druid
             ... on level 2 of the Swamp on Apr 23, 2021.
             The game lasted 02:28:39 (45716 turns).

sizableburger the Slicer (Mummy Hunter)            Turns: 45716, Time: 02:28:40

Health: -2/137     AC: 20    Str: 28    XL:     17   Next: 3%
Magic:  0/38       EV:  8    Int: 19    God:    Fedhas [******]
Gold:   2621       SH:  8    Dex: 12    Spells: 32/32 levels left

rFire    + . .     SeeInvis .   d - +11 rapier of Invincibility {elec, rC- MP+9 Int+5}
rCold    + . .     Faith    .   r - +3 buckler {rF+}
rNeg     + + +     Spirit   +   G - +3 plate armour "Ylaef" {rPois Str+2}
rPois    ∞         Reflect  .   m - +1 helmet
rElec    .         Harm     .   Y - scarf {rC+ rF+}
rCorr    +         Rampage  .   q - +2 pair of gloves {Str+3}
Will     ++...                  n - +0 pair of boots
Stlth    ..........             k - amulet of guardian spirit
HPRegen  0.32/turn              M - ring "Loss" {rCorr Str+4 Slay+3}
MPRegen  0.26/turn              B - +4 ring of protection

@: corroded
A: cold resistance 1, negative energy resistance 3, torment resistance 2,
unbreathing 1, heat vulnerability 1, in touch with death 1, no potions
}: 1/15 runes: serpentine
a: Renounce Religion, Wall of Briars, Grow Ballistomycete, Overgrow, Grow Oklob


You were on level 2 of the Swamp.
You worshipped Fedhas.
Fedhas was exalted by your worship.
You visited 6 branches of the dungeon, and saw 27 of its levels.
You also visited: Ossuary.

You collected 4154 gold pieces.
You spent 1533 gold pieces at shops.

Inventory:

Hand Weapons
 d - the +11 rapier of Invincibility (weapon) {elec, rC- MP+9 Int+5}
   (You acquired it on level 1 of the Snake Pit)

   Occasionally, upon striking a foe, it can discharge electrical energy and
   cause terrible harm.
   It affects your intelligence (+5).
   It makes you vulnerable to cold.
   It affects your magic capacity (+9).
 f - a +3 short sword of venom
 S - the +3 sling "Punk" {acid, rCorr}
   (You took it off a naga warrior on level 2 of the Snake Pit)

   It protects you from acid and corrosion.
Missiles
 c - 2 throwing nets (quivered)
 e - 9 datura-tipped darts
 g - 7 javelins
 p - 3 silver javelins
 s - 7 atropa-tipped darts
 C - 2 silver boomerangs
 F - 8 boomerangs
 J - a curare-tipped dart
 W - 7 boomerangs of dispersal
 X - 56 sling bullets
Armour
 m - a +1 helmet (worn)
 n - a +0 pair of boots (worn)
 o - a +0 cloak
 q - a +2 pair of gloves of strength (worn)
 r - a +3 buckler of fire resistance (worn)
 y - a +1 plate armour
 G - the +3 plate armour "Ylaef" (worn) {rPois Str+2}
   (You found it on level 1 of the Snake Pit)

   It affects your strength (+2).
   It protects you from poison.
 Y - a scarf of resistance (worn)
Jewellery
 a - a ring of protection from cold
 b - a ring of see invisible
 k - an amulet of guardian spirit (around neck)
 z - a +4 ring of slaying
 A - a ring of magical power
 B - a +4 ring of protection (right hand)
 E - a +6 ring of dexterity
 K - a ring of wizardry
 L - a ring of flight
 M - the ring "Loss" (left hand) {rCorr Str+4 Slay+3}
   (You acquired it on level 2 of the Lair of Beasts)

   [ring of resist corrosion]

   It affects your strength (+4).
   It affects your accuracy and damage with ranged weapons and melee attacks
   (+3).
   It protects you from acid and corrosion.
 O - a ring of ice
Wands
 t - a wand of iceblast (25)
 v - a wand of mindburst (44)
 N - a wand of flame (43)
 P - a wand of polymorph (12)
 R - a wand of paralysis (4)
Scrolls
 i - 2 scrolls of enchant armour
 j - 5 scrolls of immolation
 l - 4 scrolls of torment
 u - 11 scrolls of teleportation
 D - 4 scrolls of fog
 I - 12 scrolls of identify
 T - a scroll of silence
 V - 2 scrolls of amnesia
Miscellaneous
 Q - a phantom mirror
 U - a box of beasts
 Z - a lightning rod (4/4)


   Skills:
 + Level 13.2 Fighting
 - Level 14.0 Short Blades
 - Level 0.1 Maces & Flails
 + Level 11.7 Throwing
 + Level 10.0 Armour
 - Level 1.5 Dodging
 - Level 0.7 Stealth
 - Level 4.0 Shields
 + Level 8.1 Spellcasting
 - Level 10.5 Invocations
 + Level 9.2 Evocations


You had 32 spell levels left.
You didn't know any spells.
Your spell library contained the following spells:

 Spells                   Type           Power      Damage    Failure   Level
 Animate Skeleton         Necr           22%        N/A       58%         1
 Apportation              Tloc           14%        N/A       58%         1
 Corona                   Hex            7%         N/A       58%         1
 Foxfire                  Conj/Fire      28%        2x1d5     58%         1
 Pain                     Necr           44%        1d6       58%         1
 Sandblast                Erth           14%        2d6       58%         1
 Summon Small Mammal      Summ           28%        N/A       58%         1
 Passwall                 Tmut/Erth      5%         N/A       73%         2
 Poisonous Vapours        Pois/Air       14%        N/A       73%         2
 Confusing Touch          Hex            7%         N/A       91%         3
 Conjure Flame            Conj/Fire      7%         6-21      91%         3
 Gell's Gravitas          Tloc           3%         N/A       91%         3
 Inner Flame              Hex/Fire       7%         N/A       91%         3
 Mephitic Cloud           Conj/Pois/Air  7%         N/A       91%         3
 Stone Arrow              Conj/Erth      14%        3d7       91%         3
 Vampiric Draining        Necr           5%         2d6       91%         3
 Animate Dead             Necr           5%         N/A       100%        4
 Cause Fear               Hex            3%         N/A       100%        4
 Petrify                  Tmut/Erth      7%         N/A       100%        4
 Sticky Flame             Conj/Fire      7%         2d3       100%        4
 Summon Lightning Spire   Summ/Air       7%         N/A       100%        4
 Agony                    Necr           11%        N/A       100%        5
 Fireball                 Conj/Fire      3%         3d4       100%        5
 Lee's Rapid Deconstruct  Erth           3%         3d6*      100%        5
 Metabolic Englaciation   Hex/Ice        3%         N/A       100%        5
 Silence                  Hex/Air        3%         N/A       100%        5
 Yara's Violent Unravell  Hex/Tmut       3%         3d4       100%        5
 Conjure Ball Lightning   Conj/Air       3%         3x3d6     100%        6
 Freezing Cloud           Conj/Ice/Air   3%         6-21      100%        6
 Discord                  Hex            3%         N/A       100%        8
 Tornado                  Air            3%         N/A       100%        9


Dungeon Overview and Level Annotations

Branches:
Dungeon (12/15)            Temple (1/1) D:6            Lair (6/6) D:10
  Swamp (2/4) Lair:4        Snake (4/4) Lair:4        Slime (0/5) Lair:5
    Orc (2/2) D:10            Elf (0/3) Orc:2       Ossuary (visited)

Altars:
Ashenzari
Cheibriados
Dithmenos
Elyvilon
Fedhas
Gozag
Hepliaklqana
Kikubaaqudgha
Makhleb
Nemelex Xobeh
Okawaru
Qazlal
Ru
Sif Muna
Trog
Uskayaw
Vehumet
Wu Jian
Xom
Yredelemnul
Zin
The Shining One
Beogh

Shops:
D:2 [   Orc:2 =!(!   Snake:1 ?   Snake:2 :*

Annotations:
Orc:1 2 transporters, rjrrt's ghost, journeyman MiBe


Innate Abilities, Weirdness & Mutations

You are immune to poison.
Your flesh is cold resistant. (rC+)
You are immune to negative energy. (rN+++)
You are immune to unholy pain and torment.
You can survive without breathing.
You are vulnerable to heat. (rF-)
You are in touch with the powers of death.
You do not drink.


Message History

The goliath frog hits your briar patch but does no damage. x2
Aiming: Polymorph
Press: ? - help, Shift-Dir - straight line, f - swamp worm
Aim: a swamp worm (lightly wounded, strong, will become an eye of devastation, a shining eye, or an anaconda, chance to affect: 78%)
Okay, then.
Aiming: Paralyse
Press: ? - help, Shift-Dir - straight line, f - swamp worm
Aim: a swamp worm (lightly wounded, strong, chance to affect: 78%)
Okay, then.
Okay, then.
Okay, then.
Okay, then.
Okay, then.
Okay, then.
As you read the scroll of summoning, it crumbles to dust.
Wisps of shadow whirl around you... The alligator bites your briar patch!
The alligator tail-slaps your briar patch but does no damage.
The goliath frog is struck by your briar patch's thorns.
The goliath frog hits your briar patch!
Your briar patch is splashed with acid.
The swamp worm fires a harpoon shot at you.
The harpoon shot hits you but does no damage.
The goliath frog hits your briar patch but does no damage.
The alligator is struck by your briar patch's thorns.
The alligator bites your briar patch!!
Your briar patch is destroyed!
Okay, then.
Throw: 2 throwing nets
Press: ? - help, Q - select action, (/) - cycle Shift-Dir - straight line, f - alligator
Aim: an alligator (lightly wounded, covering ground quickly, ally target, 74% to hit)
Okay, then.
As you read the scroll of summoning, it crumbles to dust.
Wisps of shadow whirl around you...
The swamp worm no longer looks unusually strong.
The goliath frog is struck by your briar patch's thorns.
The goliath frog hits your briar patch!
Your briar patch is destroyed!
The swamp worm fires a harpoon shot at you.
The harpoon shot hits you!
You die...
Fedhas appreciates your contribution to the ecosystem.

♣♣≈.≈≈≈≈≈≈)≈).....≈≈.♣♣♣..
♣.§≈≈≈§≈≈≈≈≈..≈♣.≈≈≈.♣♣≈.≈
♣..≈≈≈≈§≈≈≈.♣♣♣♣♣.§≈.♣♣♣♣.≈
...≈≈≈≈≈≈§≈§.♣♣♣♣≈≈≈≈.≈♣ ♣♣.
≈≈≈≈≈≈≈≈≈i≈≈≈.≈♣.≈≈≈..<♣ ♣..
≈§≈≈≈≈≈≈≈FF≈w[≈..≈§≈≈.♣♣♣♣..
..≈≈≈.≈≈§PtP.t..≈≈≈≈≈≈..≈♣≈.
♣♣♣.≈≈≈P.Py...≈≈≈≈≈≈.≈....
♣.≈≈fi≈@y.(.≈≈≈§≈.≈§≈...
♣.≈≈≈i≈D≈≈≈§≈≈≈≈≈≈≈≈≈..≈
♣≈.≈≈n≈≈y§≈≈≈≈≈§≈[≈≈≈§≈.
♣♣♣≈....≈.≈≈≈≈.§.≈.≈§≈≈≈
.......≈≈≈.≈≈≈≈.≈♣≈♣.≈≈
....≈≈.≈≈≈≈≈≈.....♣♣♣♣.≈
...≈§≈.§≈≈≈§≈≈..≈.♣ ♣♣≈
♣≈≈.≈§≈≈≈≈.≈≈≈≈≈≈..♣ ♣.
....§≈≈≈≈§≈≈≈♣ ♣.


You could see an alligator (swift, ally target), 2 goliath frogs, a swamp worm
(ally target), a spriggan, a neutral thorn hunter (wandering, ally target), a
friendly alligator (summoned), a friendly five-headed hydra (summoned), a
friendly spriggan rider (summoned), a friendly spriggan druid (summoned), a
friendly bog body (summoned) and 3 friendly vampire mosquitoes.

Vanquished Creatures
  7 nagarajas
  A fenstrider witch (Swamp:1)
  A dire elephant (Lair:6)
  A salamander tyrant (Snake:4)
  16 naga warriors
  Erolcha (Orc:2)
  9 hydras
  2 catoblepae
  A ghost crab (Swamp:2)
  6 anacondas
  3 alligators
  A centaur warrior (D:8)
  2 two-headed ogres
  An ogre mage (Orc:2)
  A deep troll shaman (Lair:6)
  13 death yaks
  Urug (Orc:2)
  5 shock serpents
  2 spriggans (Swamp:2)
  9 naga sharpshooters
  A goliath frog (Swamp:2)
  A salamander mystic (Snake:4)
  A spriggan druid (Swamp:2)
  2 swamp dragons (Swamp:2)
  A bog body (Swamp:1)
  4 naga ritualists
  An orc knight (Orc:1)
  9 mana vipers
  2 deep elf pyromancers (D:12)
  Pikel (D:9)
  9 salamanders
  A cyclops (D:10)
  9 orc sorcerers (Orc:2)
  A will-o-the-wisp (Swamp:1)
  An ugly thing (D:11)
  Joseph (D:9)
  24 naga magi
  38 black mambas
  An ice statue (D:8)
  17 elephants
  5 guardian serpents
  A gargoyle (D:8)
  2 rime drakes
  12 cane toads
  Maggie (D:8)
  An unseen horror (D:12)
  13 komodo dragons
  3 meliai (D:12)
  3 trolls
  6 tyrant leeches
  2 hornets
  Prince Ribbit (D:8)
  5 polar bears
  2 slime creatures (Lair:5)
  7 dream sheep (Lair:6)
  11 blink frogs
  Sigmund (D:4)
  2 vampires
  2 wraiths
  A shadow (D:11)
  3 wyverns
  56 yaks
  A steam dragon (D:7)
  3 basilisks
  6 vampire mosquitoes
  11 swamp worms
  Menkaure (D:4)
  2 acid dragons
  6 wargs
  Duvessa (D:4)
  59 nagas
  23 water moccasins
  12 orc warriors
  A sky beast (D:6)
  2 black bears
  2 necrophages
  3 centaurs
  18 wolves
  10 ogres
  4 kobold brigands
  3 scorpions
  18 bullfrogs
  A gnoll sergeant (Orc:2)
  Dowan (D:4)
  2 water moccasin skeletons
  9 killer bees
  8 wights
  An electric eel (Lair:1)
  2 howler monkeys
  6 crimson imps (D:9)
  A bullfrog zombie (D:5)
  2 jellies
  8 orc priests
  3 centaur zombies
  3 hounds (D:4)
  2 bullfrog skeletons (D:6)
  A mummy (Ossuary)
  A gnoll shaman (D:5)
  Ijyb (D:3)
  2 iguanas (D:5)
  Natasha (twice) (D:2)
  32 orc wizards
  2 killer bee zombies
  A hound skeleton (D:4)
  2 howler monkey zombies
  17 gnolls
  A howler monkey skeleton (D:5)
  9 adders
  2 shadow imps
  2 white imps (D:9)
  3 adder skeletons (D:4)
  An adder zombie (D:5)
  2 worms (D:2)
  A dart slug (D:4)
  52 orcs
  8 ball pythons
  9 endoplasms
  3 giant cockroaches
  13 goblins
  3 hobgoblins
  5 jackals
  3 quokkas
  2 bats (D:2)
  A frilled lizard (D:3)
  23 kobolds
  5 rats
792 creatures vanquished.

Vanquished Creatures (collateral kills)
  Aizul (Snake:1)
  Louise (Swamp:1)
  2 naga warriors (Snake:2)
  A naga (Snake:2)
  31 ballistomycete spores
36 creatures vanquished.

Vanquished Creatures (others)
  2 oklob plants (Lair:3)
  An unseen horror (D:11)
  An orc (D:8)
  2 ballistomycete spores
  A bush (Lair:3)
  2 foxfires (Swamp:1)
  91 fungi
  138 plants
  2 withered plants (Ossuary)
240 creatures vanquished.

Grand Total: 1068 creatures vanquished

Notes
Turn   | Place    | Note
-------+----------+-------------------------------------------
     0 | D:1      | sizableburger the Mummy Hunter began the quest for the Orb.
     0 | D:1      | Reached XP level 1. HP: 16/16 MP: 1/1
   750 | D:1      | Reached XP level 2. HP: 11/22 MP: 2/2
   996 | D:1      | Found a faded altar of an unknown god.
  1001 | D:1      | Reached skill level 1 in Short Blades
  1555 | D:2      | Reached XP level 3. HP: 28/28 MP: 3/3
  1821 | D:2      | Found Ikacvel's Antique Armour Boutique.
  1879 | D:2      | Found an opulent altar of Gozag.
  2196 | D:2      | Reached XP level 4. HP: 34/34 MP: 4/4
  2308 | D:2      | Noticed Natasha
  2318 | D:2      | Killed Natasha
  2410 | D:2      | Noticed Natasha
  2417 | D:2      | Killed Natasha
  2418 | D:2      | Reached skill level 2 in Short Blades
  3274 | D:3      | Reached XP level 5. HP: 41/41 MP: 5/5
  3491 | D:3      | Noticed Ijyb
  3504 | D:3      | Killed Ijyb
  4277 | D:4      | Reached XP level 6. HP: 42/48 MP: 6/6
  4325 | D:4      | Found a sand-covered staircase.
  4330 | Ossuary  | Entered an ossuary
  4812 | D:4      | Noticed Dowan
  4813 | D:4      | Noticed Sigmund
  4815 | D:4      | Noticed Duvessa
  5037 | D:5      | Entered Level 5 of the Dungeon
  5044 | D:5      | Reached skill level 3 in Short Blades
  5327 | D:5      | Reached skill level 1 in Evocations
  5327 | D:5      | Reached XP level 7. HP: 20/55 MP: 7/7
  5662 | D:5      | Found a shimmering blue altar of Sif Muna.
  5662 | D:5      | Found a snail-covered altar of Cheibriados.
  5663 | D:5      | Found a bloodstained altar of Trog.
  5911 | D:5      | Reached skill level 5 in Throwing
  6138 | D:5      | Reached skill level 5 in Fighting
  6881 | D:2      | Bought a glowing buckler for 217 gold pieces
  7085 | D:5      | Reached skill level 4 in Short Blades
  7214 | D:6      | Reached skill level 1 in Shields
  7214 | D:6      | Reached XP level 8. HP: 61/62 MP: 8/8
  7491 | D:6      | Found a staircase to the Ecumenical Temple.
  7518 | Temple   | Entered the Ecumenical Temple
  7787 | Temple   | Became a worshipper of Fedhas Madash
  7887 | D:6      | Noticed a +0 hand axe
  7888 | D:6      | Found a hide-covered altar of Uskayaw.
  7888 | D:6      | Noticed a +0 hand axe
  8017 | D:6      | Reached skill level 1 in Armour
  8720 | D:6      | Found a shimmering altar of Xom.
  9124 | D:7      | Reached XP level 9. HP: 68/68 MP: 9/9
  9242 | D:7      | Reached * piety under Fedhas
  9913 | D:8      | Reached skill level 1 in Invocations
 10369 | D:4      | Killed Duvessa
 10373 | D:4      | Killed Dowan
 10603 | D:4      | Killed Sigmund
 10661 | D:4      | Reached ** piety under Fedhas
 10761 | D:4      | Noticed Menkaure
 10771 | D:4      | Killed Menkaure
 10914 | D:8      | Found an opulent altar of Gozag.
 10948 | D:8      | Noticed a two-headed ogre
 10969 | D:8      | Killed a two-headed ogre
 10970 | D:8      | Reached skill level 5 in Armour
 10970 | D:8      | Reached XP level 10. HP: 74/74 MP: 11/13
 11036 | D:8      | Found a shadowy altar of Dithmenos.
 11040 | D:8      | Found a hazy altar of Hepliaklqana.
 11114 | D:8      | Found an iron altar of Okawaru.
 11334 | D:8      | Noticed a gargoyle
 11637 | D:8      | Identified the +0 robe "Decvouc" {Harm rF+++ Int-3 Slay+2}
 11684 | D:8      | Noticed a centaur warrior
 11688 | D:8      | Noticed Maggie
 11723 | D:8      | Killed Maggie
 12031 | D:8      | Noticed an ice statue
 12050 | D:8      | Noticed Prince Ribbit
 12058 | D:8      | Killed Prince Ribbit
 12090 | D:8      | Killed a gargoyle
 12219 | D:8      | Killed an ice statue
 12253 | D:7      | Identified 2 scrolls of acquirement
 12253 | D:7      | Acquired 968 gold pieces
 12255 | D:7      | Acquired a manual of Short Blades
 12373 | D:2      | Bought a cloak for 130 gold pieces
 12750 | D:8      | Killed a centaur warrior
 12751 | D:8      | Reached skill level 5 in Invocations
 12751 | D:8      | Reached skill level 5 in Evocations
 12866 | D:9      | Reached *** piety under Fedhas
 12991 | D:9      | Reached skill level 5 in Short Blades
 13324 | D:9      | Noticed a two-headed ogre
 13338 | D:9      | Killed a two-headed ogre
 13687 | D:9      | Reached XP level 11. HP: 68/83 MP: 15/15
 13857 | D:9      | Noticed Pikel
 13870 | D:9      | Killed Pikel
 13974 | D:9      | Noticed Joseph
 13995 | D:9      | Killed Joseph
 14353 | D:9      | Found a faded altar of an unknown god.
 14380 | D:9      | Reached skill level 6 in Short Blades
 14387 | D:9      | Reached **** piety under Fedhas
 14660 | D:10     | Entered Level 10 of the Dungeon
 14660 | D:10     | Found a staircase to the Orcish Mines.
 15032 | D:10     | Found a staircase to the Lair.
 15463 | D:10     | Found a broken altar of Ashenzari.
 15645 | Lair:1   | Entered Level 1 of the Lair of Beasts
 16045 | Lair:1   | Reached skill level 7 in Short Blades
 17008 | Lair:2   | Acquired the ring "Loss" {rCorr Str+4 Slay+3}
 17082 | Lair:1   | Reached XP level 12. HP: 86/92 MP: 17/17
 17285 | Lair:2   | Reached ***** piety under Fedhas
 17454 | Lair:2   | Reached skill level 8 in Short Blades
 18105 | Lair:3   | Noticed an eight-headed hydra
 18120 | Lair:3   | Killed an eight-headed hydra
 19106 | Lair:3   | Reached skill level 9 in Short Blades
 19116 | Lair:3   | Noticed an eight-headed hydra
 19374 | Lair:3   | Killed an eight-headed hydra
 19795 | Lair:3   | Noticed a five-headed hydra
 19810 | Lair:3   | Killed a five-headed hydra
 20448 | Lair:4   | Gained mutation: You are in touch with the powers of death.
                  | [Mummy growth]
 20448 | Lair:4   | Reached XP level 13. HP: 88/101 MP: 16/19
 20856 | Lair:4   | Found a staircase to the Snake Pit.
 21005 | Lair:4   | Reached skill level 10 in Short Blades
 21499 | Lair:4   | Found a hide-covered altar of Uskayaw.
 21524 | Lair:4   | Found a staircase to the Swamp.
 22484 | Lair:5   | Found a staircase to the Slime Pits.
 23085 | Lair:5   | Reached skill level 10 in Fighting
 23220 | Lair:5   | Reached skill level 1 in Spellcasting
 23228 | Lair:5   | Reached ****** piety under Fedhas
 23694 | Lair:6   | Entered Level 6 of the Lair of Beasts
 23944 | Lair:6   | Reached skill level 10 in Throwing
 24204 | Lair:6   | Reached skill level 11 in Short Blades
 24268 | Lair:6   | Found an ornate altar of the Wu Jian Council.
 24905 | Lair:6   | Reached XP level 14. HP: 84/111 MP: 15/20
 25574 | Lair:6   | Reached skill level 5 in Spellcasting
 26758 | Lair:6   | Reached skill level 12 in Short Blades
 27923 | Orc:1    | Entered Level 1 of the Orcish Mines
 27935 | Orc:1    | Found a transporter.
 27941 | Orc:1    | Found a bloodstained altar of Trog.
 27941 | Orc:1    | Noticed rjrrt's ghost (journeyman MiBe)
 27943 | Orc:1    | Found a transporter.
 28489 | Orc:2    | Entered Level 2 of the Orcish Mines
 28489 | Orc:2    | Found a staircase to the Elven Halls.
 28827 | Orc:2    | Noticed Urug
 29015 | Orc:2    | Killed Urug
 29483 | Orc:2    | Found Doqilu Evoa's Jewellery Boutique.
 29533 | Orc:2    | Found a radiant altar of Vehumet.
 29533 | Orc:2    | Noticed Erolcha
 29542 | Orc:2    | Killed Erolcha
 29579 | Orc:2    | Found Liki's Distillery.
 29824 | Orc:2    | Found Ekhly's Antique Weapon Shop.
 29858 | Orc:2    | Found Negaw's Distillery.
 29861 | Orc:2    | Bought a glowing rapier for 182 gold pieces
 29908 | Orc:2    | Found an ancient bone altar of Kikubaaqudgha.
 31573 | D:12     | Identified the +8 short sword "Couh" {vorpal, SInv}
 32237 | D:12     | Reached XP level 15. HP: 75/120 MP: 16/26
 33166 | Snake:1  | Entered Level 1 of the Snake Pit
 33755 | Snake:1  | Noticed a nagaraja
 33906 | Snake:1  | Killed a nagaraja
 34643 | Snake:1  | Noticed Aizul
 34658 | Snake:1  | Killed Aizul
 34745 | Snake:1  | Found Lorearog's Magic Scroll Emporium.
 34748 | Snake:1  | Bought a scroll of torment for 112 gold pieces
 34748 | Snake:1  | Bought a scroll of torment for 112 gold pieces
 34748 | Snake:1  | Bought a scroll of acquirement for 780 gold pieces
 34753 | Snake:1  | Acquired the +11 rapier of Invincibility {elec, rC- MP+9
                  | Int+5}
 34939 | Snake:1  | Identified the +3 plate armour "Ylaef" {rPois Str+2}
 35073 | Snake:1  | Reached skill level 13 in Short Blades
 36612 | Snake:2  | Found Gimu's Book Shop.
 36645 | Snake:2  | Noticed a nagaraja
 36653 | Snake:2  | Killed a nagaraja
 36716 | Snake:2  | Reached skill level 14 in Short Blades
 37519 | Snake:2  | Found Zyokhauz's Assorted Antiques.
 38716 | Snake:3  | Reached XP level 16. HP: 49/127 MP: 14/28
 40832 | Snake:4  | Entered Level 4 of the Snake Pit
 42360 | Snake:3  | Reached skill level 10 in Invocations
 44190 | Snake:4  | Got a serpentine rune of Zot
 44463 | Swamp:1  | Entered Level 1 of the Swamp
 44702 | Swamp:1  | Noticed Louise
 44718 | Swamp:1  | Paralysed by a fenstrider witch for 6 turns
 44721 | Swamp:1  | Killed Louise
 45202 | Swamp:2  | Reached skill level 10 in Armour
 45416 | Swamp:2  | Reached XP level 17. HP: 134/137 MP: 29/29
 45716 | Swamp:2  | Killed from afar by a swamp worm

Illustrated notes

Levels and vault maps discovered:
D:1:      scummos_arrival_star, layout_loops_cross,
          chequers_ecumenical_altar_twisty, minivault_11
D:2:      wad_river_or_something, layout_basic, basic_altar, serial_shops, shop,
          uniq_natasha
D:3:      layout_loops_cross, uniq_ijyb
D:4:      layout_rooms, enter_ossuary_5, chequers_serial_rivers_room_b,
          minmay_joined_circles, uniq_duvessa, uniq_menkaure, uniq_sigmund
D:5:      layout_loops_ring, chequers_temple_overflow_statue_of_worship,
          minmay_strange_pillars, kennysheep_dice
D:6:      layout_loops_corners, xom_butterflies, dancing_weapons_uskayaw,
          minmay_temple_entry_proselytizer
D:7:      layout_loops_cross
D:8:      lemuel_ice_statue, layout_loops_ring,
          riverfiend_overflow_shadow_ancestor, good_gods_mini_temple,
          lemuel_tele_altar, nicolae_overflow_crystal_walls,
          kennysheep_crisscross, minmay_small_thing, uniq_maggie,
          uniq_prince_ribbit1
D:9:      wander_river, layout_cave_pods, serial_column_ruins,
          column_ruins_temple_hut, column_ruins_columns_straight,
          column_ruins_open_tiny, column_ruins_corridor_straight,
          column_ruins_grid_1, column_ruins_corridor_straight,
          column_ruins_columns_corner, column_ruins_columns_straight,
          minmay_nine_imps, uniq_joseph, uniq_pikel
D:10:     layout_irregular_city, ashenzari_conservatory_becter,
          lair_entry_dummy, minmay_orc_entry_guard_dogs, minivault_21,
          minmay_microvault
D:11:     layout_gridville, kennysheep_small_square
D:12:     layout_irregular_city, eino_jars
Temple:   compressed_dpeg_triangle_lava_temple
Lair:1:   layout_loops_ring, serial_bayou_lagoon_a
Lair:2:   layout_roguey, beast_lair_carwin_8
Lair:3:   layout_loops_ring, minmay_lair_oklob_chamber,
          infiniplex_staircase_pool_2, grunt_megastairs_4
Lair:4:   beast_lair_carwin_large_2, layout_misc_corridors,
          minmay_swamp_entry_worms, minmay_snake_entry_guardpost_small,
          basic_altar, minmay_lair_oklob_items, grunt_megastairs_5
Lair:5:   layout_roguey, minmay_slime_entry_pillars, beast_lair_carwin_1
Lair:6:   grunt_lair_end_beastmaster, layout_small_grid, basic_altar
Swamp:1:  layout_basic_swamp, evilmike_swamp_ruin_house_3, uniq_louise
Swamp:2:  layout_basic_swamp, evilmike_swamp_ruin_rubble_2
Snake:1:  layout_misc_corridors, serial_shops, nicolae_shop_behind_doors,
          grunt_ministairs_13, guppyfry_library_mini, uniq_aizul
Snake:2:  layout_basic, serial_shops, shop, shop, serial_bayou_shore_b
Snake:3:  layout_grid_maze, drop_trap, uniq_vashnia
Snake:4:  minmay_snake_end_coiled, layout_misc_corridors, drop_trap
Orc:1:    layout_caves, gammafunk_ghost_wrathful_warriors, basic_altar,
          lemuel_statue_altar
Orc:2:    kennysheep_orc_mage_school, layout_caves, sword_in_stone

Skill      XL: |  1  2  3  4  5  6  7  8  9 10 11 12 13 14 15 16 |
---------------+-------------------------------------------------+-----
Short Blades   | 1 2 3 4 5 7 9 11 12 14 | 14.0
Fighting       | 3 4 5 6 7 9 10 11 12 13 | 13.2
Throwing       | 4 5 6 7 8 9 10 11 | 11.7
Evocations     | 1 2 4 5 7 9 |  9.2
Shields        | 1 3 4 |  4.0
Armour         | 3 5 6 7 8 10 | 10.0
Invocations    | 4 5 6 8 9 10 | 10.5
Spellcasting   | 4 7 8 |  8.1
Maces & Flails | |  0.1
Dodging        | |  1.5
Stealth        | |  0.7

Action                   |  1- 3 |  4- 6 |  7- 9 | 10-12 | 13-15 | 16-18 || total
-------------------------+-------+-------+-------+-------+-------+-------++-------
Melee: Dagger            |    15 |       |       |       |       |       ||    15
       Short sword       |    52 |    91 |   298 |   859 |  1438 |       ||  2738
       Flail             |     9 |       |       |       |       |       ||     9
       Rapier            |       |       |       |       |   344 |   495 ||   839
 Fire: Fustibalus        |       |       |       |       |       |    50 ||    50
Throw: Javelin           |    11 |    41 |    57 |    35 |    85 |    23 ||   252
       Throwing net      |     1 |     2 |     1 |       |       |       ||     4
       Dart              |       |       |    37 |     9 |    27 |       ||    73
       Boomerang         |       |       |       |    33 |    41 |       ||    74
Invok: Grow Ballistomyce |       |       |       |     3 |     5 |     1 ||     9
       Wall of Briars    |       |       |       |     1 |       |     1 ||     2
       Grow Oklob        |       |       |       |       |     2 |     1 ||     3
Evoke: Wand              |       |     3 |     7 |     8 |    14 |     9 ||    41
  Use: Scroll            |       |    10 |     4 |    10 |    13 |     5 ||    42
 Stab: Sleeping          |     4 |       |       |       |       |       ||     4
       Invisible         |       |       |     1 |       |       |       ||     1
       Confused          |       |       |       |     1 |     5 |       ||     6
Armor: Leather armour    |    16 |    34 |    17 |       |       |       ||    67
       Plate armour      |       |       |   128 |   473 |   814 |   257 ||  1672
Dodge: Dodged            |    35 |    52 |    93 |   210 |   397 |   115 ||   902
Block: Buckler           |       |       |    70 |   256 |   405 |   167 ||   898

Table legend: (Time is in decaauts)
 A = Elapsed time spent in this place.
 B = Non-inter-level travel time spent in this place.
 C = Inter-level travel time spent in this place.
 D = Time resting spent in this place.
 E = Time spent auto-exploring this place.
 F = Levels seen in this place.
 G = Mean time per level.
                   A        B        C        D        E       F      G
               +--------+--------+--------+--------+--------+-----+--------+
         Total |  44590 |  41300 |   3290 |  15037 |  18678 |  28 | 1592.5 |
       Dungeon |  18402 |  16656 |   1746 |   5269 |   8868 |  12 | 1533.5 |
        Temple |    297 |    248 |     49 |      0 |    219 |   1 |  297.0 |
          Lair |  11652 |  10884 |    768 |   3810 |   4966 |   6 | 1942.0 |
         Swamp |   1224 |   1203 |     21 |    255 |    725 |   2 |  612.0 |
     Snake Pit |  10644 |   9989 |    655 |   5038 |   2913 |   4 | 2661.0 |
  Orcish Mines |   2330 |   2280 |     50 |    648 |    985 |   2 | 1165.0 |
       Ossuary |     39 |     39 |      0 |     16 |      1 |   1 |   39.0 |
               +--------+--------+--------+--------+--------+-----+--------+

Top non-repeatable levels by time:
  Lair:6: 3407 daAuts
 Snake:1: 3114 daAuts
 Snake:3: 2690 daAuts
 Snake:4: 2601 daAuts
 Snake:2: 2237 daAuts
     D:5: 2131 daAuts
     D:9: 2071 daAuts
  Lair:4: 2040 daAuts
     D:8: 1838 daAuts
  Lair:3: 1810 daAuts
     D:2: 1680 daAuts
     D:6: 1542 daAuts
     D:1: 1525 daAuts
  Lair:2: 1522 daAuts
  Lair:5: 1443 daAuts
